 Dungeon Crawl Stone Soup version 0.20-a0-509-ga2a529b (webtiles) character file.

4 M4edhros the Grave Robber (level 1, -6/11 HPs)
             Began as an Octopode Necromancer on Jan 22, 2017.
             Killed from afar by an orc wizard (7 damage)
             ... with a magic dart
             ... on level 3 of the Dungeon.
             The game lasted 00:01:39 (122 turns).

M4edhros the Grave Robber (Octopode Necromancer)     Turns: 122, Time: 00:01:40

Health: -6/11      AC:  1    Str:  7    XL:     1   Next: 70%
Magic:  3/3        EV: 13    Int: 22    God:
Gold:   1          SH:  0    Dex: 12    Spells: 3/4 levels left

rFire    . . .     SeeInvis .   f - +0 dagger (holy)
rCold    . . .     Gourm    .   (no shield)
rNeg     . . .     Faith    .   (helmet restricted)
rPois    .         Spirit   .   (no amulet)
rElec    .         Reflect  .   (no ring)
rCorr    .         Harm     .   (no ring)
MR       .....                  (no ring)
Stlth    +++.......             (no ring)
Regen    0.1/turn               (no ring)
                                (no ring)
                                (no ring)
                                (no ring)

@: brilliant, flying
A: almost no armour, stealthy swim, amphibious, 8 rings, constrict 8, camouflage
1, gelatinous body 1
a: no special abilities


You were on level 3 of the Dungeon.
You were not hungry.

You visited 1 branch of the dungeon, and saw 3 of its levels.

You collected 1 gold pieces.

Inventory:

Hand Weapons
 f - a +0 dagger of holy wrath (weapon)
Scrolls
 c - a scroll of noise {unknown}
Potions
 e - a potion of flight
Books
 a - a book of Necromancy

   Spells                             Type                      Level
   a - Pain                           Necromancy                   1
   b - Animate Skeleton               Necromancy                   1
   c - Vampiric Draining              Necromancy                   3
   d - Regeneration                   Charms/Necromancy            3
   e - Animate Dead                   Necromancy                   4
   f - Control Undead                 Necromancy                   4
Comestibles
 b - a bread ration


   Skills:
 - Level 2.0 Dodging
 - Level 2.6 Stealth
 + Level 1.2 Unarmed Combat
 - Level 2.0 Spellcasting
 - Level 4.0 Necromancy


You had 3 spell levels left.
You knew the following spells:

 Your Spells              Type           Power        Failure   Level  Hunger
a - Pain                  Necr           ####         1%          1    #......


Dungeon Overview and Level Annotations

Branches:
Dungeon (3/15)

Altars:

Annotations:
D:2 Robin


Innate Abilities, Weirdness & Mutations

You cannot wear most types of armour.
You are very stealthy in the water. (Stealth+)
You are amphibious.
You can wear up to eight rings at the same time.
You can use your tentacles to constrict eight enemies at once.
Your skin changes colour to match your surroundings (Stealth+).
Your rubbery body absorbs attacks. (AC +1, EV +1)


Message History

* * * LOW HITPOINT WARNING * * *
Okay, then.
You release your grip on the worm.
A worm comes into view.
It was a potion of flight.
You feel very buoyant.
You fly up into the air.
It was a potion of brilliance.
You feel clever all of a sudden.
Found a stone staircase leading down.
An adder and 2 orc wizards come into view.
The adder hisses angrily.
An orc comes into view. It is wielding a hand axe.
The orc shouts!
The orc wizard shouts!
The orc wizard casts a spell.
The orc wizard seems to speed up.
The orc wizard casts a spell at you. The magic dart hits you!
Ouch! That really hurt!
You die...

.# ## #### .# # ... ...
.# # ..###.### .# # #
.....w..# .# .# #
#....S###.#..### #
#..............######
.###.....##.#####.......
.......@..w.# ######
#..###>##...# # #. #.#.#
.# o# #.#.#####.# .#
..#.......# o#
.###.#...######## .o .#
#...#......... <# #.
###...#####...
######.######.##


You could see 2 worms, 2 orc wizards, an adder and an orc.

Vanquished Creatures
  An orc (D:3)
  A giant cockroach (D:2)
  A hobgoblin (D:1)
3 creatures vanquished.

Notes
Turn   | Place    | Note
-------+----------+-------------------------------------------
     0 | D:1      | M4edhros the Octopode Necromancer began the quest for the Orb.
     0 | D:1      | Reached XP level 1. HP: 11/11 MP: 3/3
     0 | D:1      | fuck it, so unlucky last game, died to stupid waiting in front of hydra; ?
    17 | D:1      | that last game was great, i died cause of joke... i waited one turn and hydra popped from behind corner and bam death
    49 | D:2      | Noticed Robin
    97 | D:3      | Reached skill level 1 in Unarmed Combat
   120 | D:3      | Noticed an orc wizard
   120 | D:3      | Noticed an orc wizard
   122 | D:3      | Killed from afar by an orc wizard

Vault maps used:
D:1:      elethiomel_arrival_maze
D:2:      uniq_robin, uniq_natasha
D:3:      overflow_temple_1_default

Skill      XL: |  1 |
---------------+----+-----
Unarmed Combat | 1 |  1.2
Dodging        | |  2.0
Stealth        | |  2.6
Spellcasting   | |  2.0
Necromancy     | |  4.0

Action                   || total
-------------------------++-------
Melee: Dagger            ||     2
       Constrict         ||     2
       Unarmed           ||     1
       Tentacles         ||     1
 Cast: Pain              ||     5
  Use: Potion            ||     2
 Stab: Sleeping          ||     2
